 Dungeon Crawl Stone Soup version 0.30-b1-2-g02819fbbbe (webtiles) character file.

Game seed: 10091117183560097736

27408 sanka the Earth Mage (level 13, -1/115 HPs)
             Began as an Armataur Earth Elementalist on May 17, 2023.
             Was an Elder of Vehumet.
             Slain by a skeletal warrior
             ... wielding a +3 short sword
              (25 damage)
             ... on level 10 of the Dungeon.
             The game lasted 00:25:50 (13279 turns).

sanka the Earth Mage (Armataur Earth Elementalist) Turns: 13279, Time: 00:25:51

Health: -1/115     AC: 11    Str: 16    XL:     13   Next: 4%
Magic:  4/25       EV: 23    Int: 19    God:    Vehumet [****..]
Gold:   721        SH:  0    Dex: 16    Spells: 10/16 levels left

rFire   . . .        b - +6 bardiche of the Swamp {holy, MP+9 Str+3 Dex+3}
rCold   . . .        (shield currently unavailable)
rNeg    . . .        U - +0 steam dragon scales
rPois   .            w - +2 hat
rElec   .            v - +0 cloak
rCorr   .            A - +2 pair of gloves
SInv    .            (no barding)
Will    .....        T - amulet of magic regeneration
Stlth   ++           d - +5 ring of evasion
HPRegen 0.39/turn    n - +5 ring of evasion
MPRegen 0.59/turn

%: roll
@: no status effects
A: large, rugged brown scales 3, deformed body, armoured tail, roll, long
tongue, awkward tongue
a: Renounce Religion


You were on level 10 of the Dungeon.
You worshipped Vehumet.
Vehumet was greatly pleased with you.
You visited 2 branches of the dungeon, and saw 12 of its levels.
You also visited: Bailey.

You collected 818 gold pieces.
You spent 97 gold pieces at shops.

Inventory:

Hand Weapons
 a - a +0 dagger of venom
 b - the +6 bardiche of the Swamp (weapon) {holy, MP+9 Str+3 Dex+3}
   (You found it in a bailey)

   Str:       It affects your strength (+3).
   Dex:       It affects your dexterity (+3).
   MP:        It affects your magic capacity (+9).
 L - the +8 falchion of the Beast {flame, rElec rC- Int+3}
   (You took it off an orc priest on level 5 of the Dungeon)

   Int:       It affects your intelligence (+3).
   rC:        It makes you vulnerable to cold.
   rElec:     It insulates you from electricity.
 N - a +0 dagger of draining
 V - a +0 broad axe of flaming
Missiles
 r - 4 curare-tipped darts {=f}
 S - 2 throwing nets {=f}
Armour
 v - a +0 cloak (worn)
 w - a +2 hat (worn)
 z - a +0 troll leather armour
 A - a +2 pair of gloves (worn)
 U - +0 steam dragon scales (worn)
Magical Staves
 x - a staff of air
Jewellery
 d - a +5 ring of evasion (left hand)
 e - a +6 ring of dexterity
 n - a +5 ring of evasion (right hand)
 D - a ring of ice
 K - a ring of ice
 R - a ring of fire
 T - an amulet of magic regeneration (around neck)
Wands
 o - a wand of quicksilver (10)
 q - a wand of mindburst (6)
 u - a wand of paralysis (13)
 M - a wand of flame (16)
 P - a wand of polymorph (7)
Scrolls
 c - a scroll of identify {@r1}
 f - 8 scrolls of teleportation {@r4}
 g - 6 scrolls of vulnerability {!r}
 h - a scroll of butterflies
 i - 2 scrolls of fear
 p - 3 scrolls of fog
 s - 3 scrolls of blinking
 y - 3 scrolls of enchant armour
 C - a scroll of torment {!r}
 E - 2 scrolls of immolation {!r}
 I - a scroll of acquirement
 O - 2 scrolls of noise {!r}
 W - a scroll of amnesia {unknown}
 Y - a scroll of magic mapping {unknown}
Potions
 j - 3 potions of ambrosia
 k - 2 potions of heal wounds {@q2}
 l - a potion of magic
 m - a potion of invisibility
 t - a potion of haste {@q3}
 B - 4 potions of flight
 F - a potion of berserk rage {unknown}
 G - 2 potions of resistance {unknown}
 H - 2 potions of lignification {unknown}
 J - 2 potions of cancellation
 Q - 4 potions of curing {@q1}
 X - a potion of degeneration {unknown}


   Skills:
 + Level 8.5 Fighting
 + Level 7.3 Dodging
 - Level 2.1 Stealth
 - Level 2.0 Spellcasting
 - Level 6.0 Conjurations
 - Level 1.0 Transmutations
 - Level 15.0 Earth Magic


You had 10 spell levels left.
You knew the following spells:

 Your Spells              Type           Power      Damage    Failure   Level
a - Sandblast             Erth           100%       2d20      1%          1
b - Passwall              Tmut/Erth      26%        N/A       1%          2
c - Stone Arrow           Conj/Erth      82%        3d12      1%          3

Your spell library contained the following spells:

 Spells                   Type           Power      Damage    Failure   Level
 Iskenderun's Mystic Bla  Conj/Tloc      13%        2d5       13%         4
 Magic Dart               Conj           96%        1d7       1%          1
 Searing Ray              Conj           48%        2d6       1%          2
 Static Discharge         Conj/Air       26%        2-4/arc   2%          2
 Petrify                  Tmut/Erth      32%        N/A       6%          4
 Poisonous Vapours        Pois/Air       2%         N/A       7%          2
 Fulminant Prism          Conj/Hex       6%         3d7       13%         4
 Sting                    Tmut/Pois      12%        1d3       14%         1
 Airstrike                Air            0%         2d(1-17)  38%         4
 Olgreb's Toxic Radiance  Pois           1%         N/A       38%         4
 Summon Lightning Spire   Summ/Air       1%         N/A       86%         4


Dungeon Overview and Level Annotations

Branches:
Dungeon (11/15)            Temple (1/1) D:6            Lair (0/5) D:10
 Bailey (visited)
    Orc: D:9-12

Altars:
Ashenzari
Cheibriados
Dithmenos
Elyvilon
Fedhas
Gozag
Hepliaklqana
Kikubaaqudgha
Makhleb
Nemelex Xobeh
Okawaru
Qazlal
Ru
Sif Muna
Trog
Uskayaw
Vehumet
Wu Jian
Xom
Yredelemnul
Zin
The Shining One

Shops:
D:4 [?   D:5 **   D:8 *

Annotations:
D:5 2 transporters, Quercus's ghost, novice DECj
D:7 2 transporters, Thantalas's ghost, novice FoFi


Innate Abilities, Weirdness & Mutations

You are completely covered in rugged brown scales. (AC +3, +7% HP)
Armour fits poorly on your strangely shaped body.
You have a long armoured tail.
You roll when moving toward enemies. (Rampage)
Your long tongue fully drains potion bottles. (2x potion effects)
Your tongue gives you trouble enunciating. (1.5x scroll delay)


Message History

Aim: a skeletal warrior, wielding a +3 short sword (heavily damaged, 76% to hit)
The stone arrow hits the skeletal warrior!
The skeletal warrior is severely damaged.
The skeletal warrior hits you but does no damage.
Casting: Stone Arrow (safe; 1% risk of failure)
Confirm with . or Enter, or press ? or * to list all spells.
Aiming: Stone Arrow (safe; 1% risk of failure)
Press: ? - help, Shift-Dir - straight line, f/p - skeletal warrior
Aim: a skeletal warrior, wielding a +3 short sword (severely damaged, 76% to hit)
The stone arrow hits the skeletal warrior.
The skeletal warrior is severely damaged.
The skeletal warrior hits you with a +3 short sword!!
* * * LOW HITPOINT WARNING * * *
Casting: Stone Arrow (safe; 1% risk of failure)
Confirm with . or Enter, or press ? or * to list all spells.
Aiming: Stone Arrow (safe; 1% risk of failure)
Press: ? - help, Shift-Dir - straight line, f/p - skeletal warrior
Aim: a skeletal warrior, wielding a +3 short sword (severely damaged, 76% to hit)
The stone arrow misses the skeletal warrior.
The skeletal warrior misses you.
Casting: Stone Arrow (safe; 1% risk of failure)
Confirm with . or Enter, or press ? or * to list all spells.
Aiming: Stone Arrow (safe; 1% risk of failure)
Press: ? - help, Shift-Dir - straight line, f/p - skeletal warrior
Aim: a skeletal warrior, wielding a +3 short sword (severely damaged, 76% to hit)
The stone arrow misses the skeletal warrior.
The skeletal warrior closely misses you.
Casting: Stone Arrow (safe; 1% risk of failure)
Confirm with . or Enter, or press ? or * to list all spells.
Aiming: Stone Arrow (safe; 1% risk of failure)
Press: ? - help, Shift-Dir - straight line, f/p - skeletal warrior
Aim: a skeletal warrior, wielding a +3 short sword (severely damaged, 76% to hit)
The stone arrow hits the skeletal warrior!
The skeletal warrior is almost destroyed.
The skeletal warrior completely misses you.
Unknown command.
You closely miss the skeletal warrior.
The skeletal warrior is almost destroyed.
The skeletal warrior hits you with a +3 short sword!!
You die...

### ### ################### #.#
#.## #.................. #.#
#..###..######.......... #.#
#..>##..# #.......... #.#
#.####..# #.......... #.# #.#
#..# #.......... ####.#
#.####..######..........
.....#####......)................
...............)@$...............
...............z######........[..
........######..# #.######....
........# #..# #.# #....
........# #..# #.##########
......).######..######...#.....#.
...........>.............#.....'.
.....#############...#####_....'.
##...# #...# #.....'.


You could see a skeletal warrior.

Vanquished Creatures
  A centaur warrior (D:10)
  4 two-headed ogres
  Nergalle (D:10)
  3 skeletal warriors (D:10)
  Maggie (D:9)
  An unseen horror (D:7)
  Psyche (D:9)
  3 trolls
  2 wyverns
  A wraith (D:11)
  6 vampire mosquitoes
  Menkaure (D:4)
  15 orc warriors
  3 water moccasins
  2 ice beasts
  A sky beast (D:7)
  A black bear (D:6)
  4 ogres
  16 centaurs
  A phantom (D:4)
  A kobold brigand (D:8)
  5 bullfrogs
  2 gnoll sergeants
  2 scorpions
  4 killer bees
  5 howler monkeys
  7 hounds
  A jelly (D:4)
  2 gnoll boudas
  7 orc priests
  An iron imp (D:10)
  4 iguanas
  Ijyb (D:4)
  6 orc wizards
  15 gnolls
  7 adders
  A shadow imp (D:5)
  A white imp (D:8)
  2 ufetubi
  2 worms
  2 dart slugs
  64 orcs
  5 endoplasms
  7 giant cockroaches
  8 goblins
  8 hobgoblins
  15 jackals
  12 kobolds
  5 quokkas
  4 ball pythons
  5 frilled lizards
  5 rats
284 creatures vanquished.

Notes
Turn   | Place    | Note
-------+----------+-------------------------------------------
     0 | D:1      | sanka the Armataur Earth Elementalist began the quest for
                  | the Orb.
     0 | D:1      | Reached XP level 1. HP: 14/14 MP: 3/3
    39 | D:1      | Reached skill level 1 in Transmutations
   146 | D:1      | Reached skill level 1 in Conjurations
   214 | D:1      | Reached XP level 2. HP: 21/21 MP: 3/5
   802 | D:1      | Reached XP level 3. HP: 27/27 MP: 1/6
   850 | D:1      | Learned a level 2 spell: Passwall
   854 | D:1      | Learned a level 3 spell: Stone Arrow
  1979 | D:2      | You fall into a shaft and drop 2 floors!
  1980 | D:4      | Noticed an ogre
  1989 | D:4      | Killed an ogre
  1990 | D:4      | Reached skill level 3 in Earth Magic
  1990 | D:4      | Reached XP level 4. HP: 16/35 MP: 1/7
  2084 | D:4      | Reached XP level 5. HP: 40/40 MP: 4/8
  2175 | D:4      | Noticed an ogre
  2493 | D:4      | Found a shadowy altar of Dithmenos.
  2493 | D:4      | Found a broken altar of Ashenzari.
  2723 | D:4      | Found Zutuny's Antique Armour Emporium.
  2779 | D:4      | Found Aphoutz's Magic Scroll Shop.
  2792 | D:4      | Noticed an ogre
  2794 | D:4      | Killed an ogre
  2795 | D:4      | Reached skill level 4 in Earth Magic
  2795 | D:4      | Reached XP level 6. HP: 48/48 MP: 2/9
  2861 | D:4      | Noticed Ijyb
  2904 | D:3      | Found a faded altar of an unknown god.
  3028 | D:4      | Killed Ijyb
  3333 | D:4      | Noticed Menkaure
  3335 | D:4      | Killed Menkaure
  3336 | D:4      | Reached skill level 5 in Conjurations
  3336 | D:4      | Reached skill level 5 in Earth Magic
  3336 | D:4      | Reached XP level 7. HP: 53/53 MP: 3/10
  3752 | D:4      | Bought a scroll of blinking for 97 gold pieces
  4117 | D:3      | Found a burning altar of Makhleb.
  4769 | D:5      | Entered Level 5 of the Dungeon
  5040 | D:5      | Found a sacrificial altar of Ru.
  5091 | D:5      | Found Liavel's Serpentskin Sales.
  5100 | D:5      | Reached skill level 6 in Earth Magic
  5103 | D:5      | Reached XP level 8. HP: 60/60 MP: 0/11
  5467 | D:5      | Found Juzyxkaj's Fire Supplies.
  5768 | D:5      | Reached skill level 7 in Earth Magic
  5941 | D:5      | Found a transporter.
  5942 | D:5      | Noticed Quercus's ghost (novice DECj)
  5963 | D:5      | Found a transporter.
  5963 | D:5      | Identified the +7 dire flail "Ajuptelu" {spect, rF+ Int+3}
  6096 | D:5      | Identified the +8 falchion of the Beast {flame, rElec rC-
                  | Int+3}
  6311 | D:6      | Found a staircase to the Ecumenical Temple.
  6330 | Temple   | Entered the Ecumenical Temple
  6375 | Temple   | Became a worshipper of Vehumet
  6400 | Temple   | Reached skill level 8 in Earth Magic
  6742 | D:6      | Reached skill level 9 in Earth Magic
  6751 | D:6      | Reached XP level 9. HP: 64/66 MP: 3/12
  6966 | D:6      | Found a shimmering blue altar of Sif Muna.
  7571 | D:7      | Reached skill level 10 in Earth Magic
  7580 | D:7      | Found a transporter.
  7580 | D:7      | Noticed a moth of wrath
  7589 | D:7      | Noticed Thantalas's ghost (novice FoFi)
  7600 | D:7      | Reached * piety under Vehumet
  7600 | D:7      | Offered knowledge of Kiss of Death by Vehumet.
  7615 | D:7      | Found a transporter.
  7634 | D:7      | Reached skill level 1 in Fighting
  7646 | D:7      | Killed an unseen horror
  7712 | D:7      | Identified a scroll of acquirement
  7772 | D:7      | Found a flagged portal.
  7873 | Bailey   | Entered a bailey
  8219 | Bailey   | Reached ** piety under Vehumet
  8236 | Bailey   | Offered knowledge of Scorch by Vehumet.
  8532 | Bailey   | Reached XP level 10. HP: 73/85 MP: 5/13
  8890 | Bailey   | Reached skill level 5 in Fighting
  9234 | Bailey   | Offered knowledge of Momentum Strike by Vehumet.
  9403 | Bailey   | Identified the +6 bardiche of the Swamp {holy, MP+9 Str+3
                  | Dex+3}
  9409 | Bailey   | Reached skill level 15 in Earth Magic
  9409 | Bailey   | Reached XP level 11. HP: 94/94 MP: 14/14
  9409 | Bailey   | Reached XP level 12. HP: 100/100 MP: 15/15
  9787 | D:7      | Reached skill level 5 in Dodging
 10341 | D:8      | Reached *** piety under Vehumet
 10493 | D:8      | Found a hazy altar of Hepliaklqana.
 10740 | D:8      | Found Hoedeux's Assorted Antiques.
 10850 | D:9      | Found an opulent altar of Gozag.
 10866 | D:9      | Noticed Maggie
 10869 | D:9      | Noticed a two-headed ogre
 10870 | D:9      | Killed Maggie
 10898 | D:9      | Killed a two-headed ogre
 10930 | D:9      | Offered knowledge of Frozen Ramparts by Vehumet.
 10993 | D:9      | Found a stormy altar of Qazlal.
 11056 | D:9      | Found an iron altar of Okawaru.
 11203 | D:9      | Noticed Psyche
 11236 | D:9      | Killed Psyche
 11583 | D:10     | Entered Level 10 of the Dungeon
 11650 | D:10     | Noticed Nergalle
 11657 | D:10     | Killed Nergalle
 11752 | D:10     | Found a staircase to the Lair.
 11803 | D:10     | Found a snail-covered altar of Cheibriados.
 12196 | D:10     | Found a hide-covered altar of Uskayaw.
 12214 | D:10     | Noticed a two-headed ogre
 12218 | D:10     | Killed a two-headed ogre
 12258 | D:11     | Reached **** piety under Vehumet
 12270 | D:11     | Offered knowledge of Iskenderun's Mystic Blast by Vehumet.
 12309 | D:11     | Noticed a two-headed ogre
 12316 | D:11     | Killed a two-headed ogre
 12353 | D:11     | Noticed a two-headed ogre
 12360 | D:11     | Killed a two-headed ogre
 12570 | D:11     | Noticed a centaur warrior
 12952 | D:10     | Killed a centaur warrior
 12953 | D:10     | Reached XP level 13. HP: 100/115 MP: 16/16
 13279 | D:10     | Slain by a skeletal warrior

Illustrated notes

Levels and vault maps discovered:
D:1:      psy_arrival_radial02, layout_basic, dk_noncrumbling_4,
          minmay_misc_feat_x
D:2:      layout_basic, grunt_ministairs_6, minmay_increasing_density
D:3:      layout_rooms, bloody_makhleb, ebering_ecumenical_altar_abandoned
D:4:      minmay_angry_zag, layout_basic, gammafunk_temple_overflow_statue,
          serial_shops, nicolae_shop_pleasant_corner_grove, shop, uniq_ijyb,
          uniq_menkaure
D:5:      layout_basic, nicolae_ru_path_of_blood, gammafunk_ghost_smash,
          nicolae_shop_fire_sale [nicolae_sub_dead_trees], guppyfry_shop_venom
D:6:      layout_basic, led_sif_pool, minmay_temple_entry_waves,
          minmay_joined_circles
D:7:      layout_basic, gammafunk_ghost_berserking_beasts, enter_bailey_8
D:8:      layout_loops_ring, mainiacjoe_overflow_alcove_4, serial_shops, shop
D:9:      layout_roguey, lemuel_crystal_altar, grunt_gozag_statues,
          nicolae_qazlal_general_emergency, kennysheep_generic_room_11,
          uniq_psyche, uniq_maggie
D:10:     minmay_evil_eye, layout_small_grid, slow_altar_2,
          nicolae_uskayaw_suspiria, lair_entry_dummy, uniq_nergalle
D:11:     layout_long_grid
Temple:   nicolae_temple_ecumenical_triangle

Skill      XL: |  1  2  3  4  5  6  7  8  9 10 11 12 |
---------------+-------------------------------------+-----
Transmutations | 1 |  1.0
Spellcasting   | 2 |  2.0
Conjurations   | 1 2 3 4 5 6 |  6.0
Earth Magic    | 3 4 5 6 9 10 15 | 15.0
Fighting       | 4 5 8 |  8.5
Dodging        | 4 7 |  7.3
Stealth        | |  2.1

Action                     |  1- 3 |  4- 6 |  7- 9 | 10-12 | 13-15 || total
---------------------------+-------+-------+-------+-------+-------++-------
  Melee: Unarmed           |    65 |       |       |       |       ||    65
         Tailslap          |     9 |     3 |    50 |    24 |       ||    86
         Rapier            |     8 |     1 |       |       |       ||     9
         Dagger            |       |    31 |   244 |   130 |       ||   405
         Punch             |       |       |     1 |     1 |       ||     2
         Bardiche          |       |       |       |    32 |     1 ||    33
   Cast: Sandblast         |    59 |    50 |   183 |     4 |       ||   296
         Stone Arrow       |     2 |     6 |    25 |   134 |    20 ||   187
  Evoke: Wand              |       |       |     1 |       |     4 ||     5
    Use: Scroll            |       |       |    11 |     5 |       ||    16
         Potion            |       |       |     1 |     1 |     1 ||     3
   Stab: Sleeping          |     1 |     1 |       |     1 |       ||     3
 Armour: Robe              |    40 |     5 |     1 |       |       ||    46
         Troll leather arm |       |       |   116 |    53 |       ||   169
         Steam dragon scal |       |       |       |     8 |     1 ||     9
  Dodge: Dodged            |    71 |    43 |   509 |   310 |    11 ||   944
